 Dungeon Crawl Stone Soup version 0.31.0-2-g5a2aebc5c2 (webtiles) character file.

Game seed: 3209131169567759390

2812527 ragingrage the Acrobat (level 24, 227/227 HPs)
             Began as a Demigod Hexslinger on Jan 21, 2024.
             Escaped with the Orb
             ... and 5 runes
             ... and 2 gems (both intact)!
             The game lasted 02:38:02 (90469 turns).

ragingrage the Acrobat (Demigod Hexslinger)        Turns: 90469, Time: 02:38:03

Health: 227/227    AC: 34    Str:  9    XL:     24   Next: 70%
Magic:  40/40      EV: 51    Int: 19    God:
Gold:   1100       SH:  0    Dex: 54    Spells: 15/39 levels left

rFire   + . .        a - +9 longbow (flame)
rCold   + + .        (shield currently unavailable)
rNeg    + . .        W - +1 faerie dragon scales {rF+ rC+ rCorr HP+3 Dex+3}
rPois   +            s - +2 helmet {SInv}
rElec   +            N - +2 cloak {rPois}
rCorr   +            t - +1 pair of gloves of Card Tricks {Dex+7}
SInv    +            X - +3 pair of mountain boots {steadfast, rC+}
Will    ++++.        d - amulet of Vitality {RegenMP++ Regen++}
Stlth   ++           f - ring of Zikafuats {rN+ AC+4 Dex+4}
HPRegen 2.17/turn    O - ring "Muwk" {rElec Will++ AC+4}
MPRegen 1.07/turn

%: random rage (3%)
@: no status effects
A: high MP 1, forlorn, divine attributes, berserk 1, weak 2
0: Orb of Zot
}: 5/15 runes: decaying, slimy, silver, abyssal, gossamer
a: no special abilities


You escaped.
You visited 12 branches of the dungeon, and saw 56 of its levels.
You visited the Abyss 1 time.
You also visited: Trove and Volcano.

You collected 8374 gold pieces.
You spent 7274 gold pieces at shops.

Inventory:

Hand Weapons
 a - a +9 longbow of flaming (weapon)
 b - the +1 triple crossbow of the Uplifting Madman {penet, rElec Str+2}
   (You found it on level 3 of the Elven Halls)

   Str+2:     It affects your strength (+2).
   rElec:     It insulates you from electricity.
Missiles
 A - 5 curare-tipped darts
 M - 6 throwing nets
Armour
 s - a +2 helmet of see invisible (worn)
 t - the +1 pair of gloves of Card Tricks (worn) {Dex+7}
   (You found it on level 3 of the Elven Halls)

   Dex+7:     It affects your dexterity (+7).
 N - a +2 cloak of poison resistance (worn)
 W - the +1 faerie dragon scales (worn) {rF+ rC+ rCorr HP+3 Dex+3}
   (You took it off the Enchantress on level 2 of the Depths)

   Dex+3:     It affects your dexterity (+3).
   rF+:       It protects you from fire.
   rC+:       It protects you from cold.
   HP+3:      It affects your health (+3).
   rCorr:     It protects you from acid and corrosion.
 X - the +3 pair of mountain boots (worn) {steadfast, rC+}
   (You found it on level 2 of the Depths)

   Steadfast: It prevents involuntary movement, except for blinking,
   teleportation, or banishment.
   rC+:       It protects you from cold.
Jewellery
 d - the amulet of Vitality (around neck) {RegenMP++ Regen++}
   (You bought it in a shop on level 4 of the Depths)

   [amulet of magic regeneration]

   RegenMP:   It increases your rate of magic regeneration.
   Regen++:   It increases your rate of health regeneration.
 f - the ring of Zikafuats (left hand) {rN+ AC+4 Dex+4}
   (You took it off a deep elf zephyrmancer on level 3 of the Elven Halls)

   [ring of protection]

   AC+4:      It affects your AC (+4).
   Dex+4:     It affects your dexterity (+4).
   rN+:       It protects you from negative energy.
 O - the ring "Muwk" (right hand) {rElec Will++ AC+4}
   (You bought it in a shop on level 1 of the Elven Halls)

   [ring of protection]

   AC+4:      It affects your AC (+4).
   rElec:     It insulates you from electricity.
   Will++:    It greatly increases your willpower.
 U - a ring of fire
Wands
 k - a wand of digging (19)
 o - a wand of flame (34)
 G - a wand of quicksilver (20)
 K - a wand of mindburst (6)
 S - a wand of iceblast (28)
 V - a wand of charming (38)
Scrolls
 c - 3 scrolls of silence
 e - 5 scrolls of blinking
 g - 21 scrolls of teleportation
 i - 3 scrolls of amnesia
 r - 7 scrolls of noise
 u - 9 scrolls of fear
 v - 5 scrolls of poison
 y - 2 scrolls of revelation
 E - 5 scrolls of torment
 H - 3 scrolls of fog
 J - 3 scrolls of butterflies
 R - 6 scrolls of vulnerability
 Z - 6 scrolls of immolation
Potions
 h - 18 potions of heal wounds
 j - 16 potions of curing
 l - 9 potions of mutation
 m - 2 potions of lignification
 p - 12 potions of brilliance
 q - 6 potions of haste
 w - 9 potions of attraction
 x - 9 potions of enlightenment
 z - 6 potions of invisibility
 B - 4 potions of magic
 F - 8 potions of cancellation
 I - 9 potions of might
 P - 8 potions of ambrosia
 T - 5 potions of berserk rage
 Y - 5 potions of resistance
Miscellaneous
 C - a tin of tremorstones (2/2)
 D - a lightning rod (4/4)
 L - a phantom mirror (inert)
 Q - a phial of floods


   Skills:
 - Level 20.0 Fighting
 - Level 0.8 Short Blades
 - Level 20.6 Ranged Weapons
 - Level 16.3 Armour
 + Level 21.2 Dodging
 - Level 4.0 Stealth
 - Level 8.0 Spellcasting
 - Level 6.0 Hexes
 - Level 14.0 Necromancy
 - Level 8.0 Translocations
 - Level 0.8 Fire Magic
 - Level 10.0 Earth Magic
 - Level 15.0 Evocations


You had 15 spell levels left.
You knew the following spells:

 Your Spells              Type           Power      Damage    Failure   Level
a - Death Channel         Necr           28%        N/A       6%          6
b - Animate Dead          Necr           57%        N/A       1%          4
c - Dimensional Bullseye  Hex/Tloc       17%        N/A       7%          4
d - Blink                 Tloc           76%        N/A       1%          2
e - Passwall              Erth           45%        N/A       1%          3
f - Borgnjor's Vile Clut  Necr/Erth      26%        N/A       2%          5

Your spell library contained the following spells:

 Spells                   Type           Power      Damage    Failure   Level
 Apportation              Tloc           76%        N/A       1%          1
 Necrotise                Necr           100%       1d9       1%          1
 Sandblast                Erth           90%        2d19      1%          1
 Slow                     Hex            100%       N/A       1%          1
 Jinxbite                 Hex            60%        N/A       1%          2
 Lesser Beckoning         Tloc           76%        N/A       1%          2
 Sublimation of Blood     Necr           57%        N/A       1%          2
 Fugue of the Fallen      Necr           57%        N/A       1%          3
 Gell's Gravitas          Tloc           38%        N/A       1%          3
 Teleport Other           Tloc           38%        N/A       1%          3
 Vampiric Draining        Necr           57%        2d10      1%          3
 Anguish                  Hex/Necr       22%        N/A       1%          4
 Dispel Undead            Necr           57%        3d20      1%          4
 Curse of Agony           Necr           57%        N/A       1%          5
 Cigotuvi's Dreadful Rot  Necr/Alch/Air  50%        N/A       3%          2
 Confusing Touch          Hex            30%        N/A       3%          3
 Sigil of Binding         Hex            30%        N/A       3%          3
 Tukima's Dance           Hex            30%        N/A       3%          3
 Stone Arrow              Conj/Erth      52%        3d10      4%          3
 Passage of Golubria      Tloc           38%        N/A       4%          4
 Ensorcelled Hibernation  Hex/Ice        38%        N/A       5%          2
 Volatile Blastmotes      Fire/Tloc      48%        2d14      6%          3
 Lee's Rapid Deconstruct  Erth           22%        3d13*     6%          5
 Martyr's Knell           Necr/Summ      34%        N/A       7%          4
 Inner Flame              Hex/Fire       20%        N/A       10%         3
 Foxfire                  Conj/Fire      36%        2x1d5     11%         1
 Cause Fear               Hex            15%        N/A       11%         4
 Freeze                   Ice            28%        1d5       13%         1
 Magic Dart               Conj           28%        1d4       13%         1
 Shock                    Conj/Air       28%        1d4       13%         1
 Animate Armour           Summ/Erth      52%        N/A       16%         4
 Brom's Barrelling Bould  Conj/Erth      26%        2d5       16%         4
 Leda's Liquefaction      Alch/Erth      13%        N/A       16%         4
 Petrify                  Alch/Erth      26%        N/A       16%         4
 Call Imp                 Summ           14%        N/A       19%         2
 Mercury Vapours          Alch/Air       14%        N/A       19%         2
 Static Discharge         Conj/Air       14%        3-4/arc   19%         2
 Iskenderun's Mystic Bla  Conj/Tloc      22%        2d6       24%         4
 Vhi's Electric Charge    Tloc/Air       44%        N/A       24%         4
 Call Canine Familiar     Summ           7%         N/A       36%         3
 Frozen Ramparts          Ice            14%        1d3       36%         3
 Hailstorm                Conj/Ice       7%         3d5       36%         3
 Mephitic Cloud           Conj/Alch/Air  7%         N/A       36%         3
 Swiftness                Air            7%         N/A       36%         3
 Summon Forest            Summ/Tloc      11%        N/A       56%         5
 Dispersal                Tloc           19%        N/A       58%         6
 Flame Wave               Conj/Fire      9%         2d6       71%         4
 Sticky Flame             Fire/Alch      9%         2d5       71%         4
 Metabolic Englaciation   Hex/Ice        9%         N/A       71%         5
 Silence                  Hex/Air        9%         N/A       71%         5
 Yara's Violent Unravell  Hex/Alch       9%         3d6       71%         5
 Airstrike                Air            3%         2d(1-17)  77%         4
 Fulminant Prism          Conj/Alch      3%         3d5       77%         4
 Summon Lightning Spire   Summ/Air       7%         N/A       77%         4
 Bombard                  Conj/Erth      13%        9d3       94%         6
 Borgnjor's Revivificati  Necr           28%        N/A       95%         8
 Alistair's Intoxication  Alch           4%         N/A       98%         5
 Arcjolt                  Conj/Air       3%         1d13      98%         5
 Freezing Cloud           Conj/Ice/Air   3%         6-21      98%         5
 Haunt                    Necr/Summ      17%        N/A       99%         7
 Conjure Ball Lightning   Conj/Air       3%         3x3d6     100%        6
 Eringya's Noxious Bog    Alch           3%         4d6       100%        6
 Enfeeble                 Hex            15%        N/A       100%        7
 Summon Hydra             Summ           3%         N/A       100%        7
 Discord                  Hex            15%        N/A       100%        8
 Disjunction              Tloc           19%        N/A       100%        8
 Lehudib's Crystal Spear  Conj/Erth      13%        10d4      100%        8
 Maxwell's Capacitive Co  Air            3%         ∞         100%        8


Dungeon Overview and Level Annotations

Branches:
Dungeon (15/15)            Temple (1/1) D:7            Lair (5/5) D:10
  Swamp (4/4) Lair:3       Spider (4/4) Lair:3        Slime (5/5) Lair:4
    Orc (2/2) D:11            Elf (3/3) Orc:2        Vaults (5/5) D:14
  Crypt (3/3) Vaults:3       Tomb (0/3) Crypt:3      Depths (4/4) D:15
    Zot (5/5) Depths:4    Volcano (visited)

Shops:
D:4 *[[(   D:10 *   Orc:2 [(*=   Elf:1 *(:   Elf:2 *   Vaults:1 *   Vaults:3 *
Vaults:4 *[(   Vaults:5 !!?!   Depths:4 =

Portals:
Hell: Depths:1 Depths:2 Depths:3 Depths:4
Abyss: Depths:2 Depths:3
Pandemonium: Depths:1 Depths:2 Depths:3
Ziggurat: Depths:3

Annotations:
Lair:4 exclusion: downstairs
Swamp:3 exclusion: downstairs
Spider:2 Nikola
Spider:3 Roxanne
Elf:2 3 runed translucent doors
Zot:3 1 exclusion


Innate Abilities, Weirdness & Mutations

You have an increased reservoir of magic. (+10% MP)
You shall have no god before yourself.
Your divine heritage dramatically boosts your attributes as you level up.
You sometimes lose your temper in combat.
You are very weak. (Str -4)


Message History

(V) Vaults (C) Crypt (W) Tomb (U) Depths (H) Hell (Z) Zot
Where to? (Tab/Enter - D:1 @ (x,y), ? - help)
What level of the Dungeon? (default 1, ? - help) HP restored.
There is an open door here.
There is a stone staircase leading up here.
You climb upwards.
An Orb Guardian comes into view.
There is a stone staircase leading down here.
There is a stone staircase leading up here.
You shoot an arrow. The arrow hits the Orb Guardian!!
The arrow burns the Orb Guardian!
The Orb Guardian is moderately wounded.
You shoot an arrow. The arrow hits the Orb Guardian!!
The arrow burns the Orb Guardian!
The Orb Guardian is almost dead.
You shoot an arrow. The arrow hits the Orb Guardian.
The arrow burns the Orb Guardian.
The Orb Guardian is almost dead.
You shoot an arrow. The arrow hits the Orb Guardian!!
The arrow burns the Orb Guardian.
You kill the Orb Guardian!
No target in view!
You climb upwards.
There is a stone staircase leading down here.
(D) Dungeon (T) Temple (L) Lair (S) Swamp (N) Spider Nest (M) Slime Pits (O) Orcish Mines (E) Elven Halls (V) Vaults (C) Crypt (W) Tomb (U) Depths (H) Hell (Z) Zot
Where to? (Tab/Enter - D:1 @ (x,y), ? - help)
There is a stone staircase leading up here.
You climb upwards.
There is a stone staircase leading down here.
There is an open door here.
There is an open door here.
There is a staircase leading out of the dungeon here.
You can't go down here!
Okay, then.
You have escaped!

#.....#.#
♣♣♣♣♣♣♣♣♣####...#..##
♣.......♣.....#....#####
♣.PPPPP.♣####........)..
♣.P~~~P.♣ ####...#####
♣.P~8~P.♣ ##.## ♣.P~~~P.♣
#.# ♣.PPPPP.♣## #.#
♣......@♣.# ##'##
#♣♣♣♣♣.♣♣♣.# ##...## #..#
#.....# ##.....## #.##
####..# ##.......## #..##
##...###........>##
#.#.###......')........'.
#.##.#....####.........##
#.###.##..# ##.......##
#.........# ##.....##


There were no monsters in sight!

Vanquished Creatures
  the Royal Jelly (Slime:5)
  Dissolution (Slime:5)
  5 orbs of fire
  4 dread liches
  2 ancient liches
  Mara (Swamp:3)
  2 juggernauts
  Xtahua (Depths:3)
  Sojobo (Depths:1)
  Boris (twice) (Depths:3 Crypt:3)
  A Killer Klown (Zot:5)
  Saint Roka (Orc:2)
  2 curse toes
  A caustic shrike (Depths:2)
  3 golden dragons
  Norris (Elf:3)
  the Enchantress (Depths:2)
  A bone dragon (Depths:4)
  A Tzitzimitl (D:14)
  3 electric golems
  A walking crystal tome (Depths:3)
  Rupert (Lair:4)
  Zenata (Crypt:2)
  A Hell Sentinel (D:15)
  2 quicksilver dragons
  4 liches
  10 tentacled monstrosities
  3 titans (Vaults:5)
  13 acid blobs
  3 deep elf blademasters
  24 Orb Guardians
  2 deep elf master archers (Elf:3)
  6 death cobs
  A walking divine tome (Depths:4)
  3 sphinxes
  A thorn hunter (Swamp:4)
  7 tengu reavers
  19 storm dragons
  7 shadow dragons
  5 draconian monks
  6 fire giants
  2 revenants
  A protean progenitor (Zot:2)
  13 rockslimes (Slime:5)
  21 vault wardens
  10 azure jellies
  11 frost giants
  7 draconian shifters
  6 deep elf sorcerers
  The ghost of TuffENuff the Unspoiled, a journeyman FoFi of Qazlal (D:15)
  An iron dragon (Depths:4)
  A fenstrider witch (Swamp:4)
  7 emperor scorpions
  5 ghost moths
  Louise (Swamp:3)
  3 draconian scorchers
  3 deep elf elementalists (Elf:3)
  A balrug (Depths:4)
  3 orc warlords
  A curse skull (Crypt:3)
  A cacodemon (D:5)
  5 formless jellyfish
  8 draconian annihilators
  5 draconian stormcallers
  6 broodmothers
  10 quicksilver oozes
  21 stone giants
  A demonspawn corrupter (D:5)
  5 spriggan defenders (Depths:2)
  8 ironbound thunderhulks
  25 very ugly things
  21 ironbound preservers
  2 demonspawn blood saints (Depths:4)
  4 deep elf demonologists
  A demonspawn black sun (D:5)
  4 vampire knights
  10 black draconians
  7 deep elf death magi (Elf:3)
  A lorocyproca (D:5)
  5 eleionomae
  13 white draconians
  6 war gargoyles
  10 yellow draconians
  10 red draconians
  The ghost of puppykicker the Grappler, a journeyman TrFi of Yredelemnul (D:10)
  11 green draconians
  Azrael (Spider:2)
  2 bunyips (Swamp:3)
  9 deep elf annihilators
  12 spark wasps
  3 eidola
  13 purple draconians
  10 ettins
  The ghost of DaftaChap the Fighter, a journeyman TrGl of Trog (D:11)
  3 crystal guardians
  8 fire dragons
  A blizzard demon (Depths:4)
  2 jiangshi (Crypt:2)
  6 entropy weavers
  Harold (D:8)
  4 deep elf high priests
  5 ice dragons
  14 yaktaur captains
  13 great orbs of eyes
  The ghost of Krumphau the Basher, a journeyman MiFi of Hepliaklqana (D:11)
  21 hydras
  2 spriggan air magi (Depths:2)
  32 vault guards
  A caustic shrike simulacrum (Crypt:2)
  A peacekeeper (Vaults:3)
  10 centaur warriors
  4 rakshasas
  2 ogre magi
  5 ghost crabs (Crypt:3)
  2 radroaches
  8 boulder beetles
  11 alligators
  A merfolk avatar (Lair:5)
  A jorogumo (Spider:1)
  9 ironbound frosthearts
  10 two-headed ogres
  3 hell beasts
  2 catoblepae
  The ghost of Krumphau the Damnatio Memoriae, a journeyman DjHW of Hepliaklqana (D:11)
  3 deep troll shamans
  6 tengu warriors
  13 dancing weapons
  10 deep troll earth magi
  A demonic crawler (Spider:2)
  A spriggan berserker (Depths:2)
  2 thrashing horrors (Abyss:3)
  2 orc high priests
  A vampire mage (Abyss:3)
  5 occultists
  2 soul eaters
  2 sun demons
  6 deep elf knights
  3 wretched stars (Abyss:3)
  10 hell knights
  A deep troll (shapeshifter) (Vaults:5)
  2 sixfirhies
  5 skysharks
  4 iron trolls
  15 skeletal warriors
  5 pharaoh ants
  37 deep trolls
  A sea snake (Lair:5)
  2 spriggan druids
  4 goliath frogs
  10 large abominations
  12 swamp dragons
  2 flayed ghosts
  6 arcanists
  4 glowing orange brains
  7 orb spiders
  2 bog bodies
  An orange crystal statue (D:12)
  6 deep elf archers
  A sun moth (Spider:1)
  8 phantasmal warriors
  Pikel (D:8)
  6 lindwurms
  11 ironbound convokers
  7 steelbarb worms
  4 necromancers
  A spriggan simulacrum (Crypt:2)
  13 harpies
  A steelbarb worm (shapeshifter) (Vaults:5)
  14 orc knights
  A lindwurm (shapeshifter) (Vaults:5)
  10 wolf spiders
  6 shining eyes
  23 deep elf zephyrmancers
  42 ugly things
  A shining eye (shapeshifter) (Vaults:2)
  30 deep elf pyromancers
  10 orc sorcerers
  An alligator zombie (Crypt:1)
  5 cyclopes
  4 will-o-the-wisps
  A draconian zombie (Zot:4)
  5 manticores
  28 moths of wrath
  5 meliai (Abyss:3)
  A centaur zombie (D:15)
  30 elephants
  A black mamba (shapeshifter) (Vaults:5)
  12 vault sentinels
  A black mamba (Lair:4)
  An eye of devastation (shapeshifter) (Elf:2)
  5 smoke demons
  2 molten gargoyles (Volcano)
  An orange demon (Zot:2)
  Jeremiah (D:8)
  A gargoyle (D:13)
  3 centaur skeletons (D:15)
  An unseen horror zombie (Crypt:1)
  17 cane toads
  7 torpor snails
  15 komodo dragons
  3 tormentors
  3 unseen horrors
  24 yaktaurs
  A kobold demonologist (D:12)
  A yellow draconian zombie (Zot:4)
  Psyche (D:9)
  3 freezing wraiths
  An efreet (D:12)
  A rime drake (Lair:1)
  A purple draconian skeleton (Crypt:2)
  2 ancient zymes (Abyss:3)
  A harpy zombie (Crypt:2)
  A red devil (Volcano)
  A troll (Elf:3)
  A bloated husk (Swamp:1)
  3 tengu conjurers
  4 polar bears
  A queen bee (Abyss:3)
  A raiju (Abyss:3)
  5 tyrant leeches
  12 hornets
  26 tarantellas
  9 blink frogs
  3 glass eyes
  7 dream sheep
  39 slime creatures
  2 snapping turtles (Lair:5)
  A spriggan (shapeshifter) (D:15)
  2 fire dragon skeletons (Crypt:3)
  14 culicivoras
  3 shadows (Crypt:3)
  A ynoxinul (Abyss:3)
  11 spriggans
  10 wraiths
  2 humans (D:14)
  27 jumping spiders
  3 air elementals
  52 yaks
  A fire bat (Volcano)
  6 wyverns
  A naga simulacrum (Crypt:2)
  7 fire elementals
  9 water elementals
  Eustachio (D:6)
  5 starcursed masses (Abyss:3)
  5 basilisks
  2 golden eyes (Slime:5)
  48 redbacks
  8 vampire mosquitoes
  3 chaos spawn
  3 wargs
  3 steam dragons
  11 swamp worms
  A harpy simulacrum (Crypt:2)
  A swamp worm (shapeshifter) (Vaults:5)
  2 naga zombies (Crypt:2)
  Edmund (D:6)
  9 water moccasins
  A glowing shapeshifter skeleton (Crypt:2)
  35 orc warriors
  6 hell hounds
  2 sky beasts
  9 swamp drakes (Swamp:4)
  6 laughing skulls
  4 black bears
  6 small abominations
  4 ogres
  5 wolves
  2 centaurs
  A phantom (D:10)
  4 lemures (D:8)
  7 kobold brigands
  Blork the orc (D:6)
  2 bullfrogs
  3 earth elementals
  A gnoll sergeant (D:6)
  5 scorpions
  7 wights
  2 troll zombies (D:11)
  7 killer bees
  A howler monkey (D:14)
  2 electric eels
  3 bombardier beetles
  A lava snake (Volcano)
  A quasit (Abyss:3)
  2 jellies (D:6)
  22 orc priests
  Terence (D:3)
  Jessica (D:3)
  8 iguanas
  29 orc wizards
  6 ogre zombies (D:11)
  8 gnolls
  A swamp drake zombie (Crypt:2)
  9 adders
  2 white imps
  6 ufetubi
  4 dart slugs
  2 ribbon worms (D:3)
  80 orcs
  5 ball pythons
  19 endoplasms
  4 giant cockroaches
  5 gnoll zombies (D:11)
  4 goblins
  6 hobgoblins
  30 kobolds
  3 quokkas
  3 bats
  2 frilled lizards (D:1)
  4 gnoll skeletons (D:11)
  2 orc skeletons (D:11)
  14 orc zombies (D:11)
  2 rats
2042 creatures vanquished.

Vanquished Creatures (collateral kills)
  Tiamat (Zot:5)
  the Lernaean hydra (Swamp:4)
  A tentacled monstrosity (Zot:3)
  4 Orb Guardians (Zot:5)
  A quicksilver dragon (Zot:4)
  A shadow dragon (Zot:4)
  A draconian monk (Zot:4)
  A draconian shifter (Zot:4)
  A ghost moth (Zot:4)
  A broodmother (Spider:4)
  A yellow draconian (Zot:4)
  2 green draconians
  An entropy weaver (Spider:4)
  A jorogumo (Spider:1)
  A wolf spider (Spider:4)
  A komodo dragon (Lair:1)
  An ice beast (D:6)
  A black bear (Lair:2)
  A wolf (Lair:2)
  A killer bee (D:10)
  A jelly (D:6)
  An iguana (D:6)
  2 orcs (D:6)
28 creatures vanquished.

Vanquished Creatures (others)
  A fire giant (Vaults:5)
  An emperor scorpion (Spider:4)
  A draconian shifter (Zot:2)
  2 ghost moths
  5 vault guards (D:14)
  A radroach (Spider:2)
  A ghost moth zombie (Zot:4)
  An orc knight (Depths:3)
  A draconian zombie (Zot:4)
  2 moths of wrath
  A meliai (Spider:4)
  Maggie (D:6)
  3 purple draconian zombies (Zot:4)
  A bloated husk (Swamp:2)
  A hornet (D:8)
  A tarantella (Spider:4)
  2 tyrant leeches (Swamp:3)
  5 humans (D:14)
  A redback (Spider:1)
  A killer bee (D:10)
  2 kobolds (D:9)
  12 foxfires
47 creatures vanquished.

Grand Total: 2117 creatures vanquished

Notes
Turn   | Place    | Note
-------+----------+-------------------------------------------
     0 | D:1      | ragingrage the Demigod Hexslinger began the quest for the
                  | Orb.
     0 | D:1      | Reached XP level 1. HP: 15/15 MP: 4/4
   149 | D:1      | Reached skill level 1 in Fighting
   301 | D:1      | Reached XP level 2. HP: 23/23 MP: 5/5
   304 | D:1      | Learned a level 2 spell: Jinxbite
  1242 | D:2      | Reached XP level 3. HP: 29/29 MP: 3/6
  1506 | D:2      | Reached skill level 1 in Stealth
  1663 | D:2      | Reached XP level 4. HP: 36/36 MP: 8/8
  1667 | D:2      | Learned a level 3 spell: Sigil of Binding
  1873 | D:2      | Identified the +5 ring mail of the Beginning {rElec Dex+3}
  2450 | D:3      | Noticed an angel
  2450 | D:3      | Noticed a cacodemon
  2459 | D:3      | Noticed Jessica
  2463 | D:3      | Killed Jessica
  2464 | D:3      | Reached XP level 5. HP: 41/41 MP: 6/9
  2496 | D:3      | Found Fudainwi's Magic Scroll Shop.
  2891 | D:3      | Noticed Terence
  3172 | D:4      | Found Riajobracs's Armour Shoppe.
  3419 | D:4      | Noticed a black bear
  3740 | D:4      | Found Hodghod's Weapon Boutique.
  3869 | D:4      | Found Dazi Nill's Assorted Antiques.
  4454 | D:4      | Reached XP level 6. HP: 48/48 MP: 10/10
  4583 | D:4      | Found Ybulax's Antique Armour Boutique.
  4607 | D:4      | Reached skill level 5 in Hexes
  4749 | D:4      | Bought a scroll labelled MUAPPA FAIX for 24 gold pieces
  4749 | D:4      | Bought 2 fizzy clear potions for 43 gold pieces
  4749 | D:4      | Bought a blue potion for 21 gold pieces
  4749 | D:4      | Bought a fuming white potion for 21 gold pieces
  4749 | D:4      | Bought a scroll labelled DUABLUN FOR for 24 gold pieces
  4888 | D:5      | Entered Level 5 of the Dungeon
  5087 | D:5      | Reached XP level 7. HP: 56/56 MP: 11/11
  5089 | D:5      | Reached skill level 5 in Ranged Weapons
  5892 | D:6      | Noticed Eustachio
  5898 | D:6      | Killed Eustachio
  5903 | D:6      | Noticed Maggie
  5934 | D:6      | Noticed Edmund
  6041 | D:6      | Reached XP level 8. HP: 63/63 MP: 12/12
  6042 | D:6      | Your ally Maggie died
  6241 | D:6      | Noticed Blork the orc
  6266 | D:6      | Killed Blork the orc
  6275 | D:6      | Learned a level 4 spell: Cause Fear
  6318 | D:6      | Reached skill level 2 in Dodging
  6340 | D:6      | Killed Edmund
  6341 | D:6      | Reached skill level 1 in Armour
  6552 | D:6      | Noticed a slime creature
  6960 | D:7      | Noticed a skeletal warrior
  7057 | D:7      | Found a staircase to the Ecumenical Temple.
  7061 | D:7      | Reached skill level 3 in Dodging
  7076 | Temple   | Entered the Ecumenical Temple
  7248 | D:7      | Reached XP level 9. HP: 71/71 MP: 13/13
  7824 | D:8      | Paralysed by a hornet for 2 turns
  7936 | D:8      | Noticed Jeremiah
  8270 | D:8      | Killed Jeremiah
  8444 | D:8      | Noticed Pikel
  8635 | D:8      | Killed Pikel
  8636 | D:8      | Reached skill level 4 in Dodging
  9021 | D:8      | Reached skill level 5 in Fighting
  9029 | D:8      | Reached skill level 10 in Ranged Weapons
  9230 | D:9      | Noticed Psyche
  9365 | D:9      | Noticed Harold
  9386 | D:8      | Killed Harold
  9387 | D:8      | Reached XP level 10. HP: 66/81 MP: 14/14
  9449 | D:9      | Noticed a two-headed ogre
  9459 | D:9      | Killed a two-headed ogre
  9460 | D:9      | Reached skill level 5 in Dodging
  9934 | D:10     | Entered Level 10 of the Dungeon
 10136 | D:9      | Killed Psyche
 10137 | D:9      | Reached skill level 5 in Armour
 10748 | D:9      | Reached skill level 1 in Evocations
 10850 | D:10     | Reached skill level 6 in Dodging
 11295 | D:11     | Noticed a cyclops
 11486 | D:10     | Found a staircase to the Lair.
 11486 | D:10     | Found Gozag's Platinum Reserve.
 12335 | D:11     | Killed a cyclops
 12474 | D:11     | Found a runed translucent gate.
 12474 | D:11     | Found a runed translucent gate.
 12474 | D:11     | Found a runed translucent gate.
 12480 | D:11     | Noticed puppykicker's ghost (journeyman TrFi)
 12480 | D:11     | Noticed DaftaChap's ghost (journeyman TrGl)
 12480 | D:11     | Noticed Krumphau's ghost (journeyman DjHW)
 12480 | D:11     | Noticed Krumphau's ghost (journeyman MiFi)
 12489 | D:11     | Noticed a cyclops
 12555 | D:11     | Found a staircase to the Orcish Mines.
 12602 | D:11     | Killed a cyclops
 12937 | D:11     | Reached XP level 11. HP: 86/86 MP: 15/15
 13051 | D:11     | Noticed a skeletal warrior
 13067 | D:10     | Killed a skeletal warrior
 13217 | D:11     | Noticed a skeletal warrior
 13218 | D:11     | Noticed a skeletal warrior
 13299 | D:11     | Noticed a boulder beetle
 13306 | D:11     | Killed a boulder beetle
 13518 | D:11     | Noticed a skeletal warrior
 13550 | D:11     | Noticed a boulder beetle
 13550 | D:11     | Noticed a skeletal warrior
 13627 | Lair:1   | Entered Level 1 of the Lair of Beasts
 13718 | Lair:1   | Found a gate leading to a gauntlet.
 13851 | Lair:1   | Reached skill level 7 in Dodging
 14343 | Lair:1   | Noticed a seven-headed hydra
 15229 | Lair:1   | Reached XP level 12. HP: 96/96 MP: 16/16
 15871 | Lair:2   | Noticed Sonja
 15873 | Lair:2   | Sonja changed into Sonja the blink frog
 15873 | Lair:2   | Noticed Sonja
 15875 | Lair:2   | Killed Sonja the blink frog
 16975 | Lair:3   | Reached skill level 8 in Dodging
 17985 | Lair:3   | Found a hole to the Spider Nest.
 18454 | Lair:3   | Found a staircase to the Swamp.
 18815 | Lair:4   | Reached skill level 9 in Dodging
 18872 | Lair:4   | Noticed Rupert
 18887 | Lair:4   | Killed Rupert
 19301 | Lair:4   | Found a dark tunnel.
 19308 | Volcano  | Entered a volcano
 19437 | Volcano  | Reached XP level 13. HP: 27/105 MP: 6/17
 19846 | Lair:4   | Found a runed translucent door.
 19849 | Lair:4   | Noticed an acid blob
 19850 | Lair:4   | Found a staircase to the Slime Pits.
 19850 | Lair:4   | Noticed an acid blob
 20037 | Lair:4   | Reached skill level 10 in Dodging
 20528 | Lair:5   | Entered Level 5 of the Lair of Beasts
 21592 | Lair:5   | Gained mutation: You have hidden genetic defects. [a
                  | shining eye]
 21702 | Lair:4   | Lost mutation: You have hidden genetic defects. [potion of
                  | mutation]
 21702 | Lair:4   | Gained mutation: Your health recovers twice as slowly from
                  | being drained. [potion of mutation]
 21702 | Lair:4   | Gained mutation: Your spells are a little harder to cast,
                  | but a little more powerful. [potion of mutation]
 21702 | Lair:4   | Gained mutation: You are partially covered in iridescent
                  | scales. (AC +2) [potion of mutation]
 22187 | Lair:5   | Reached skill level 11 in Dodging
 22455 | Lair:5   | Reached skill level 10 in Armour
 22809 | Lair:5   | Found the +8 lance "Wyrmbane" {slay drac, rPois rF+ rC+
                  | AC+3}
 22855 | Lair:5   | Reached skill level 15 in Ranged Weapons
 22874 | Lair:5   | Reached XP level 14. HP: 113/113 MP: 19/19
 22917 | Lair:5   | Learned a level 2 spell: Blink
 23089 | Lair:5   | Identified the +11 broad axe "Uzxeawki" {antimagic, Int+2
                  | Dex+2}
 24303 | D:11     | Reached skill level 1 in Translocations
 24853 | Orc:1    | Entered Level 1 of the Orcish Mines
 25203 | D:4      | Bought a lightning rod (4/4) for 960 gold pieces
 25205 | D:4      | Identified a scroll of acquirement
 25525 | Orc:2    | Entered Level 2 of the Orcish Mines
 27454 | Orc:2    | Noticed Saint Roka
 27512 | D:12     | Found a runed translucent door.
 27759 | D:12     | Reached skill level 5 in Evocations
 28819 | D:13     | Reached skill level 12 in Dodging
 32253 | D:14     | Found a gate to the Vaults.
 32689 | D:14     | Found a gate to the Vaults.
 32959 | D:15     | Entered Level 15 of the Dungeon
 33391 | D:15     | Found a runed translucent door.
 33392 | D:15     | Noticed TuffENuff's ghost (journeyman FoFi)
 34179 | D:15     | Reached XP level 15. HP: 104/118 MP: 17/20
 34525 | D:15     | Found a staircase to the Depths.
 35284 | D:3      | Killed Terence
 35829 | D:7      | Found the +5 scythe "Finisher" {speed, execute}
 36418 | Swamp:1  | Entered Level 1 of the Swamp
 36912 | Swamp:1  | Acquired the +0 cloak "Ynuxenairr" {Fly rElec rPois Str-3}
 38276 | Swamp:2  | You are sucked into a shaft and drop 1 floor!
 38286 | Swamp:3  | Noticed Louise
 38307 | Swamp:3  | Killed Louise
 39331 | Swamp:4  | Entered Level 4 of the Swamp
 39355 | Swamp:4  | Noticed a thorn hunter
 39393 | Swamp:4  | Killed a thorn hunter
 39640 | Swamp:4  | Noticed Mara
 39774 | Lair:3   | Acquired a manual of Armour
 39777 | Spider:1 | Entered Level 1 of the Spider Nest
 40674 | Spider:1 | Reached XP level 16. HP: 119/128 MP: 19/21
 40705 | Spider:1 | Identified the +0 robe "Xetoss" {*Corrode rElec rF++
                  | Archmagi}
 41522 | Spider:2 | Noticed Azrael
 41533 | Spider:2 | Killed Azrael
 41779 | Spider:2 | Noticed Nikola
 42049 | Spider:3 | Noticed Roxanne
 43511 | Spider:4 | Entered Level 4 of the Spider Nest
 43518 | Spider:3 | Reached skill level 10 in Evocations
 44713 | Spider:4 | Reached skill level 10 in Fighting
 46170 | Spider:4 | Reached skill level 15 in Armour
 47509 | Spider:4 | Found the +3 pair of seven-league boots {Rampage+∞}
 47513 | Spider:4 | Got a gossamer rune of Zot
 47932 | Orc:2    | Killed Saint Roka
 47933 | Orc:2    | Reached XP level 17. HP: 86/144 MP: 14/22
 48125 | Orc:2    | Learned a level 5 spell: Borgnjor's Vile Clutch
 48175 | Orc:2    | Found a staircase to the Elven Halls.
 48300 | Orc:2    | Reached skill level 1 in Necromancy
 48300 | Orc:2    | Reached skill level 1 in Earth Magic
 48600 | Orc:2    | Paralysed by an orc sorcerer for 4 turns
 48612 | Orc:2    | Found Loptin's General Store.
 48624 | Orc:2    | Bought a scroll of identify for 34 gold pieces
 48634 | Orc:2    | Found Tiumifos's Jewellery Shoppe.
 48651 | Orc:2    | Found Yroleolysa's Antique Weapon Shoppe.
 48829 | Orc:2    | Found Waejobur's Antique Armour Shoppe.
 49324 | D:10     | Killed puppykicker's ghost
 49418 | D:11     | Killed Krumphau's ghost
 49584 | D:11     | Killed Krumphau's ghost
 49935 | D:11     | Found a staircase to the Orcish Mines.
 49949 | D:11     | Killed DaftaChap's ghost
 50078 | D:15     | Killed TuffENuff's ghost
 50203 | Vaults:1 | Entered Level 1 of the Vaults
 51574 | Vaults:1 | Found Wiez's General Store.
 51582 | Vaults:1 | Bought a potion of heal wounds for 80 gold pieces
 51640 | Vaults:1 | Noticed a tentacled monstrosity
 51646 | Vaults:1 | Killed a tentacled monstrosity
 52959 | Vaults:1 | Reached skill level 5 in Necromancy
 52959 | Vaults:1 | Reached skill level 5 in Earth Magic
 54223 | Vaults:2 | Reached XP level 18. HP: 156/156 MP: 23/23
 55201 | Vaults:3 | Found Sunax's General Store.
 56683 | Vaults:3 | Found a staircase to the Crypt.
 56732 | Vaults:3 | Reached skill level 10 in Necromancy
 58925 | Vaults:4 | Found Gozag's Assorted Antiques.
 59090 | Vaults:4 | Found Gozag's Antique Weapon Emporium.
 59914 | Vaults:4 | Found Gozag's Antique Armour Emporium.
 60356 | Elf:1    | Entered Level 1 of the Elven Halls
 60503 | Elf:1    | Found Woru's Book Shop.
 60511 | Elf:1    | Bought a manual of Fighting for 1200 gold pieces
 60511 | Elf:1    | Found Zile's Weapon Shop.
 60557 | Elf:1    | Reached XP level 19. HP: 149/167 MP: 20/24
 60738 | Elf:1    | Found Hoiryh's General Store.
 60773 | Elf:1    | Bought the ring "Muwk" {rElec Will++ AC+4} for 1024 gold
                  | pieces
 60779 | Elf:1    | Bought a potion of heal wounds for 80 gold pieces
 60846 | Elf:1    | Paralysed by an air elemental for 1 turns
 61564 | Elf:1    | Got Sif Muna's Elucidation of Congregated Violence
 61832 | Elf:2    | Reached skill level 13 in Dodging
 61860 | Elf:2    | Paralysed by an air elemental for 1 turns
 62105 | Elf:2    | Identified the amulet of Heamamev {rPois Regen+ Str+2 Int+3
                  | Slay-2}
 62258 | Elf:2    | Found a runed translucent gate.
 62259 | Elf:2    | Found a runed translucent gate.
 62259 | Elf:2    | Found a runed translucent gate.
 62351 | Elf:2    | Found Wamiz's Whimsical Warehouse.
 62496 | Elf:3    | Entered Level 3 of the Elven Halls
 63007 | Elf:3    | Reached skill level 15 in Fighting
 63718 | Elf:3    | Identified the +5 great sword "Deisuler" {heavy, *Slow
                  | ^Fragile rN+ Str+5}
 63734 | Elf:3    | Noticed a Brimstone Fiend
 64298 | Elf:3    | Identified the +0 swamp dragon scales of the Okapi {rPois
                  | Regen+}
 64557 | Elf:3    | Noticed Norris
 64576 | Elf:3    | Killed Norris
 65212 | Elf:3    | Identified the ring "Nebiriud" {Fly rElec Stlth+}
 65280 | Elf:3    | Reached skill level 14 in Dodging
 65280 | Elf:3    | Identified the ring of Zikafuats {rN+ AC+4 Dex+4}
 65779 | Elf:3    | Identified the +1 triple crossbow of the Uplifting Madman
                  | {penet, rElec Str+2}
 65872 | Elf:3    | Identified the staff of Annoyance {rN+ Int+3 Summ Necro}
 65900 | Elf:3    | Identified the +1 pair of gloves of Card Tricks {Dex+7}
 66076 | Elf:3    | Identified the +11 flail "Hagoty" {holy, rPois}
 66775 | Swamp:3  | Noticed ragingrage's illusion
 66781 | Swamp:3  | Noticed ragingrage's illusion
 66781 | Swamp:3  | Killed Mara
 67348 | Swamp:4  | Noticed the 27-headed Lernaean hydra
 67351 | Swamp:4  | Killed the 27-headed Lernaean hydra
 67809 | Swamp:4  | Got a decaying rune of Zot
 68136 | Depths:1 | Entered Level 1 of the Depths
 68703 | Depths:1 | Reached XP level 20. HP: 179/184 MP: 30/30
 68944 | Depths:1 | Found a gateway to Hell.
 68954 | Depths:1 | Noticed Sojobo
 68960 | Depths:1 | Killed Sojobo
 69155 | Depths:1 | Found a one-way gate leading to the halls of Pandemonium.
 69495 | Depths:1 | Identified the +4 flail of Adverse Possession {spect,
                  | ^Contam rF+ rN+ Dex+4}
 70085 | D:12     | Reached skill level 15 in Dodging
 70910 | Depths:2 | Found the +3 pair of mountain boots {steadfast, rC+}
 70918 | Depths:2 | Noticed a caustic shrike
 70957 | Depths:2 | Learned a level 3 spell: Passwall
 71045 | Depths:2 | Noticed a juggernaut
 71056 | Depths:2 | Killed a juggernaut
 71163 | Depths:2 | Identified the +6 dagger "Killer Bee's Death" {heavy, rElec
                  | Dex+3}
 71418 | Depths:2 | Killed a caustic shrike
 71540 | Depths:2 | Noticed the Enchantress
 71545 | Depths:2 | Killed the Enchantress
 72066 | Depths:2 | Found a one-way gate to the infinite horrors of the Abyss.
 72551 | Depths:3 | Noticed Xtahua
 72565 | Depths:3 | Killed Xtahua
 72793 | Depths:3 | Noticed Boris
 72804 | Depths:3 | Killed Boris
 72805 | Depths:3 | Reached skill level 10 in Earth Magic
 72979 | Depths:3 | Reached skill level 16 in Dodging
 73094 | Depths:3 | Noticed a juggernaut
 73101 | Depths:3 | Killed a juggernaut
 73147 | Depths:3 | Found a one-way gateway to a ziggurat.
 73289 | Depths:3 | Reached XP level 21. HP: 193/193 MP: 31/31
 73644 | Depths:3 | Identified the +4 plate armour "Ynutsuz" {rN+++ Int+2 SInv}
 74037 | Depths:3 | Identified the +6 chain mail of Tortelloni {rC++ Will-
                  | rCorr Int+3}
 74076 | Depths:3 | Identified the +1 chain mail of the Constellations {Slay+2
                  | SInv}
 74077 | Depths:3 | Identified the orb of the Unstoppable Loafs {mayhem, Will-
                  | Regen+ Dex+5 SInv}
 74149 | Depths:4 | Entered Level 4 of the Depths
 74680 | Depths:4 | Found a gate to the Realm of Zot.
 75019 | Depths:4 | Found a portal to a secret trove of treasure.
 75265 | Depths:4 | Found Quodues's Jewellery Emporium.
 75275 | Depths:4 | Bought the amulet of Vitality {RegenMP++ Regen++} for 1600
                  | gold pieces
 75275 | Depths:4 | Found the amulet of Vitality {RegenMP++ Regen++}
 75767 | Depths:4 | You paid a toll of +3 ice dragon scales to enter a treasure
                  | trove
 75768 | Trove    | Entered a treasure trove
 75790 | Trove    | Got Sif Muna's Tome of Hindering Rot
 75792 | Trove    | Got the Papyrus of Twisted Spectres
 75812 | Trove    | Identified the amulet of Quif {Acrobat rPois rF+ rCorr
                  | Int-5}
 76045 | Depths:3 | Voluntarily entered the Abyss.
 76181 | Abyss:3  | Learned a level 4 spell: Animate Dead
 76188 | Abyss:3  | Learned a level 6 spell: Death Channel
 76368 | Abyss:3  | Reached skill level 5 in Spellcasting
 76437 | Abyss:3  | Got an abyssal rune of Zot
 76447 | Abyss:3  | Noticed a dread lich
 76474 | Depths:3 | Escaped the Abyss
 76600 | Zot:1    | Entered Level 1 of the Realm of Zot
 76727 | Zot:1    | Reached skill level 17 in Dodging
 77819 | Zot:1    | Noticed an orb of fire
 78782 | Vaults:3 | Bought a scroll of enchant weapon for 127 gold pieces
 78845 | Vaults:4 | Bought a scroll of enchant weapon for 750 gold pieces
 78845 | Vaults:4 | Bought a scroll of blinking for 750 gold pieces
 79291 | Zot:1    | Gained mutation: You are weak. (Str -2) [an orb of fire]
 79299 | Zot:1    | Lost mutation: Your spells are a little harder to cast, but
                  | a little more powerful. [an orb of fire]
 79301 | Zot:1    | Killed an orb of fire
 79569 | Zot:2    | Reached XP level 22. HP: 201/201 MP: 36/36
 79768 | Zot:2    | Noticed an orb of fire
 79776 | Zot:2    | Gained mutation: You are frail. (-10% HP) [an orb of fire]
 79778 | Zot:2    | Killed an orb of fire
 79805 | Zot:2    | Reached skill level 18 in Dodging
 80342 | Zot:3    | Noticed a curse toe
 80946 | Zot:3    | Learned a level 4 spell: Dimensional Bullseye
 81225 | Zot:3    | Killed a curse toe
 82150 | Zot:4    | Reached skill level 19 in Dodging
 82313 | Zot:4    | Identified the +4 ring mail of Yhycur {MP+9}
 82693 | Zot:5    | Entered Level 5 of the Realm of Zot
 82705 | Zot:5    | Noticed a curse toe
 82708 | Zot:5    | Killed a curse toe
 83560 | Zot:5    | Reached skill level 20 in Dodging
 83570 | Zot:5    | Noticed a Killer Klown
 83581 | Zot:5    | Killed a Killer Klown
 83722 | Zot:5    | Noticed a dread lich
 83730 | Zot:5    | Killed a dread lich
 83738 | Zot:5    | Reached skill level 5 in Translocations
 83781 | Zot:5    | Noticed an orb of fire
 83791 | Zot:5    | Killed an orb of fire
 84119 | Zot:5    | Reached XP level 23. HP: 188/188 MP: 37/37
 84710 | Zot:5    | Noticed an ancient lich
 84713 | Zot:5    | Killed an ancient lich
 84932 | Zot:5    | Noticed an orb of fire
 84944 | Zot:5    | Noticed an orb of fire
 84945 | Zot:5    | Gained mutation: You occasionally shout uncontrollably at
                  | your foes. [an orb of fire]
 84946 | Zot:5    | Gained mutation: You are very weak. (Str -4) [an orb of
                  | fire]
 85030 | Zot:5    | Found the +4 dragonskin cloak
 85030 | Zot:5    | Noticed Tiamat
 85509 | Vaults:5 | Entered Level 5 of the Vaults
 85818 | Vaults:5 | Noticed an ancient lich
 85824 | Vaults:5 | Killed an ancient lich
 86064 | Vaults:5 | Found Ompev's Distillery.
 86064 | Vaults:5 | Found Soem's Magic Scroll Shop.
 86075 | Vaults:5 | Bought a scroll of blinking for 112 gold pieces
 86081 | Vaults:5 | Bought a scroll of butterflies for 60 gold pieces
 86107 | Vaults:5 | Found Sentuat's Distillery.
 86310 | Vaults:5 | Noticed a dread lich
 86320 | Vaults:5 | Killed a dread lich
 86359 | Vaults:5 | Got a silver rune of Zot
 86543 | Vaults:5 | Found the +10 tower shield of Ignorance {rN+ Int-4}
 86562 | Vaults:5 | Identified the +8 hand axe of Profit {freeze, rF++}
 86565 | Vaults:5 | Identified the +3 morningstar "Acarineslayer" {vamp, Fly
                  | rElec rN+ Stlth+}
 86592 | Vaults:5 | Identified the +5 chain mail of the Evil One {Rampage rN+
                  | Str+2 Dex-4}
 86611 | Vaults:5 | Identified the +5 quarterstaff "Feneol" {protect, rElec}
 87249 | Vaults:5 | Noticed a dread lich
 87255 | Vaults:5 | Killed a dread lich
 87275 | Vaults:5 | Found Ujeychoo's Distillery.
 87293 | Vaults:5 | Bought a potion of heal wounds for 70 gold pieces
 87293 | Vaults:5 | Bought a potion of heal wounds for 70 gold pieces
 87293 | Vaults:5 | Bought a potion of mutation for 112 gold pieces
 87293 | Vaults:5 | Bought a potion of mutation for 112 gold pieces
 87293 | Vaults:5 | Lost mutation: You are partially covered in iridescent
                  | scales. (AC +2) [potion of mutation]
 87293 | Vaults:5 | Lost mutation: You are frail. (-10% HP) [potion of
                  | mutation]
 87293 | Vaults:5 | Lost mutation: Your health recovers twice as slowly from
                  | being drained. [potion of mutation]
 87293 | Vaults:5 | Gained mutation: You possess an exceptional clarity of
                  | mind. [potion of mutation]
 87293 | Vaults:5 | Lost mutation: You possess an exceptional clarity of mind.
                  | [potion of mutation]
 87293 | Vaults:5 | Gained mutation: You have a pair of small antennae on your
                  | head. [potion of mutation]
 87294 | Vaults:5 | Lost mutation: You are very weak. (Str -4) [potion of
                  | mutation]
 87294 | Vaults:5 | Lost mutation: You are weak. (Str -2) [potion of mutation]
 87294 | Vaults:5 | Lost mutation: You occasionally shout uncontrollably at
                  | your foes. [potion of mutation]
 87294 | Vaults:5 | Gained mutation: You are weak. (Str -2) [potion of
                  | mutation]
 87294 | Vaults:5 | Lost mutation: You have a pair of small antennae on your
                  | head. [potion of mutation]
 87637 | Slime:1  | Entered Level 1 of the Pits of Slime
 87779 | Slime:5  | Entered Level 5 of the Pits of Slime
 87849 | Slime:5  | Gained mutation: You are very weak. (Str -4) [a shining
                  | eye]
 87865 | Slime:5  | Reached XP level 24. HP: 221/221 MP: 37/37
 87891 | Slime:5  | Noticed Dissolution
 87896 | Slime:5  | Killed Dissolution
 87967 | Slime:5  | Noticed the Royal Jelly
 87998 | Slime:5  | Killed the Royal Jelly
 88039 | Slime:5  | Got a slimy rune of Zot
 88041 | Slime:5  | Got a starry gem with 250 turns to spare
 88048 | Slime:5  | Identified the +4 quarterstaff of Haopt {vamp, rN+ Dex+8
                  | SInv Stlth-}
 88439 | Crypt:1  | Entered Level 1 of the Crypt
 88450 | Crypt:2  | Noticed Zenata
 88469 | Crypt:2  | Killed Zenata
 88599 | Crypt:3  | Entered Level 3 of the Crypt
 88704 | Crypt:3  | Reached skill level 21 in Dodging
 88762 | Crypt:3  | Noticed Boris
 88774 | Crypt:3  | Killed Boris
 88803 | Crypt:3  | Noticed a dread lich
 88810 | Crypt:3  | Killed a dread lich
 88824 | Crypt:3  | Got an ivory gem with 1439 turns to spare
 89392 | Zot:5    | Reached skill level 15 in Evocations
 89598 | Zot:5    | Gained mutation: You sometimes lose your temper in combat.
                  | [an orb of fire]
 89614 | Zot:5    | Killed an orb of fire
 89630 | Zot:5    | Killed an orb of fire
 89884 | Zot:5    | Killed Tiamat
 89901 | Zot:5    | Got the Orb of Zot
 90469 | D:$      | Escaped with the Orb!

Illustrated notes

Levels and vault maps discovered:
D:1:      tarquinn_simple_flora_water_a, layout_loops_corners
D:2:      layout_basic, basic_altar, basic_ecumenical_altar
D:3:      minmay_wonky_spiral, layout_loops_ring,
          grunt_temple_overflow_order_and_chaos_2, serial_shops,
          nicolae_shop_tiny_real_fake_doors, uniq_terence, uniq_jessica
D:4:      layout_basic, nicolae_ossuary_entry_plus, serial_shops, shop,
          nicolae_square_shop, nicolae_lakefront_shop, shop
D:5:      layout_basic
D:6:      cheibrodos_fertilizer, layout_rooms, nzn_wu_jian_contemplation,
          grunt_temple_overflow_open, vehumet_altar_wand_db, uniq_edmund,
          uniq_blork_the_orc, uniq_maggie, uniq_eustachio
D:7:      layout_basic, minmay_temple_entry_proselytizer,
          minmay_guarded_unrand_finisher
D:8:      layout_cave_pods, nzn_hepliaklqana_mist_gate, uniq_jeremiah,
          uniq_pikel
D:9:      layout_small_grid, mainiacjoe_overflow_tiny_flanked, uniq_psyche,
          uniq_harold
D:10:     layout_rooms, mainiacjoe_overflow_brackets,
          nicolae_gozag_zags_fifth_avenue, lair_entry_dummy, serial_aquarium,
          aquarium_bridge_island_small [aquarium_subvault_small_open,
          aquarium_subvault_bridge, aquarium_subvault_bridge,
          aquarium_subvault_bridge, aquarium_subvault_window],
          aquarium_window_corner, aquarium_window_1, aquarium_view_2d,
          aquarium_view_2c, aquarium_balcony_3a
D:11:     layout_cave_pools, zombieorc2_lemuel, gammafunk_ghost_cemetery
D:12:     layout_rooms, minmay_crystal_box
D:13:     layout_roguey
D:14:     layout_roguey, ximxim_vaults_locker_room, dreamdust_mushroom_princess
D:15:     grunt_enter_depths_magical_seal, layout_loops_ring,
          nicolae_figureground_sparkle, ebering_ghost_reflecting_pool,
          chequers_serial_rivers_small_a
Temple:   nicolae_temple_hex_pool
Lair:1:   beast_lair_carwin_large_3, layout_regular_city,
          gauntlet_entry_generic, nicolae_quartered_pool_little,
          cheibrodos_lair_reptile_den
Lair:2:   layout_long_grid, grunt_forest_stairs_clearing, uniq_sonja
Lair:3:   layout_regular_city, skrybe_swamp_entry_bodies, spider_nest_entry_a,
          serial_bayou_shore_b
Lair:4:   layout_regular_city, slime_entry_2, nicolae_volcano_entry_s_turn,
          uniq_rupert
Lair:5:   gammafunk_lair_ancient_temple, layout_regular_city,
          chequers_serial_rivers_micro_d
Swamp:1:  layout_basic_swamp, evilmike_swamp_ruin_house_1,
          nicolae_swamp_decorative_isthmus
Swamp:2:  layout_basic_swamp, evilmike_swamp_ruin_rubble_1
Swamp:3:  layout_falls_marsh, evilmike_swamp_ruin_house_2, uniq_louise
Swamp:4:  swamp, layout_basic_swamp, infiniplex_staircase_pool, uniq_mara
Spider:1: nicolae_spider_obnoxious_hallway
Spider:2: nicolae_spider_hilbert_zone_6 [nicolae_spider_hilbert_4_sides_1_open,
          nicolae_spider_hilbert_4_sides_1_open,
          nicolae_spider_hilbert_4_sides_1_open,
          nicolae_spider_hilbert_4_sides_1_open,
          nicolae_spider_hilbert_4_sides_1_open,
          nicolae_spider_hilbert_4_sides_1_open,
          nicolae_spider_hilbert_4_sides_1_open], uniq_nikola, uniq_azrael
Spider:3: layout_spider_delve, nicolae_spider_baby_got_redback, uniq_roxanne
Spider:4: hellmonk_spider_rune_endless_swarm,
          nicolae_spider_some_kinda_spiderbox
Slime:1:  layout_caves, cheibrodos_slime_lost_civilization_7
Slime:2:  layout_caves
Slime:3:  layout_caves
Slime:4:  layout_caves
Slime:5:  slime_pit_nicolae_royal_road_to_ruin, uniq_dissolution
Orc:1:    layout_diamond_mine
Orc:2:    grunt_orc_cross, layout_caves, basic_altar, mines2_david
Elf:1:    eino_elf_arrival_altar, layout_geoelf_diagonals, serial_shops,
          nicolae_shop_tiny_statue_garden, minmay_elf_sorcery, minmay_shop_star
Elf:2:    nicolae_elf_blades_crystal_corner, layout_gridlike, basic_altar,
          nicolae_alphabet_shops
Elf:3:    grunt_elf_hall_diamonds, layout_geoelf_diagonals, uniq_norris
Vaults:1: nicolae_vaults_network_quinsquares
          [nicolae_vaults_network_quincunx_subvault,
          nicolae_vaults_network_quincunx_subvault,
          nicolae_vaults_network_quincunx_subvault,
          nicolae_vaults_network_quincunx_subvault], hangedman_vaults_capsules,
          nicolae_vaults_hexular_roomagon, nicolae_vaults_murder_corner,
          nicolae_vaults_tetromino_T_2, v_misc_5,
          nicolae_vaults_offset_grid_hallway_1, nicolae_vaults_tetromino_L_2,
          nicolae_vaults_theta, layout_vaults_omnigrid, serial_shops, shop
Vaults:2: nicolae_vaults_what_the_h, nicolae_vaults_sesquioval_fish,
          grunt_vaults_hallway_short, nicolae_vaults_network_star,
          nicolae_vaults_lopsided_apartments, ontoclasm_vaults_decontamination,
          nicolae_vaults_spaceships, vaults_mumra_chevron_long,
          vaults_room_large_hall, ontoclasm_vaults_ring_small,
          vaults_room_door_hall, grunt_vaults_hallway_short,
          vaults_dpeg_encased_lava, nicolae_vaults_tangram_1, v_alt_pattern_6,
          serial_library_hellmonk_reading_circle, layout_vaults_omnibox
Vaults:3: hangedman_vaults_slice, v_alt_pattern_4,
          minmay_crypt_entry_necro_gods, nicolae_vaults_stairing_the_circle,
          nicolae_vaults_two_Ls, grunt_vaults_diagonal,
          nicolae_vaults_offset_grid_hallway_1, nicolae_vaults_octothorpe,
          nicolae_vaults_rhombus_5, ontoclasm_vaults_eye, vaults_room_pools,
          vaults_standard_mumra_x, layout_vaults_omnicross, serial_shops, shop
Vaults:4: v_misc_22, vaults_room_large_hall, v_misc_23,
          kennysheep_vaults_gozag_temple, hangedman_vaults_locks,
          nicolae_vaults_hallways_thing, hangedman_vaults_restitches,
          nicolae_vaults_heart-shaped_vault, nicolae_vaults_cochlea,
          nicolae_vaults_storage_room_statues, layout_vaults_big_room
Vaults:5
Crypt:1:  layout_regular_city
Crypt:2:  layout_misc_corridors, feat_on_display, uniq_zenata
Crypt:3:  quadcrypt_mu
Depths:1: layout_basic, hell_entry, rand_demon_pan_entry_7,
          kennysheep_cross_room, makhleb_altar_promises_db, uniq_sojobo
Depths:2: minmay_the_grid_octo_tiled_squarecenter_mashed
          [minmay_the_grid_octo_empty, minmay_the_grid_octo_77,
          minmay_the_grid_octo_fat_diamond, minmay_the_grid_octo_teeth,
          minmay_the_grid_square_5x5_megaprize_hollow,
          minmay_the_grid_square_5x5_hollow_slash,
          minmay_the_grid_square_5x5_six_small,
          minmay_the_grid_square_5x5_doubleslash,
          minmay_the_grid_square_5x5_fancy_junction], layout_gridlike,
          minmay_room_of_horrors, grunt_pan_entry_sceptre,
          wad_floor_pattern_untrapped, hell_entry, uniq_enchantress
Depths:3: evilmike_iron_armoury, layout_gridlike, enter_ziggurat_e,
          grunt_pan_entry_in_and_out, serial_bayou_pond_a, abyss_entry,
          pf_coc_iceberg, tso_altar, infiniplex_staircase_x, uniq_xtahua,
          uniq_boris
Depths:4: evilmike_zot_entry_diamond, layout_gridlike, grunt_mini_vestibule,
          enter_trove_2, serial_shops, shop, grunt_megastairs_4
Zot:1:    layout_gridlike
Zot:2:    layout_concentric_octagons, regret_index_zotdec_iron_s
Zot:3:    kennysheep_room_grid, layout_concentric_octagons, grunt_megastairs_1
Zot:4:    layout_misc_corridors, regret_index_zotdec_tunneler,
          kennysheep_underground_church
Zot:5:    layout_misc_corridors, uniq_tiamat

Skill      XL: |  1  2  3  4  5  6  7  8  9 10 11 12 13 14 15 16 17 18 19 20 21 22 23 24 |
---------------+-------------------------------------------------------------------------+-----
Fighting       | 1 2 3 5 6 7 8 11 12 14 17 19 20 | 20.0
Ranged Weapons | 2 3 4 7 8 10 11 14 15 16 18 19 20 | 20.6
Hexes          | 3 4 5 6 |  6.0
Stealth        | 1 2 4 |  4.0
Dodging        | 3 4 6 7 9 11 12 14 16 17 20 21 | 21.2
Armour         | 2 4 5 8 10 11 16 | 16.3
Evocations     | 2 4 7 9 10 11 14 15 | 15.0
Translocations | 4 5 7 8 |  8.0
Necromancy     | 6 10 11 12 14 | 14.0
Earth Magic    | 6 8 9 10 | 10.0
Spellcasting   | 4 6 8 |  8.0
Short Blades   | |  0.8
Fire Magic     | |  0.8

Action                     |  1- 3 |  4- 6 |  7- 9 | 10-12 | 13-15 | 16-18 | 19-21 | 22-24 || total
---------------------------+-------+-------+-------+-------+-------+-------+-------+-------++-------
  Melee: Dagger            |    16 |       |       |       |       |       |       |       ||    16
         Arbalest          |       |       |       |       |       |     2 |       |       ||     2
         Unarmed           |       |       |       |       |       |    15 |       |       ||    15
   Fire: Sling             |    91 |   186 |   325 |   982 |  1711 |       |       |       ||  3295
         Arbalest          |       |       |       |       |   399 |  1856 |  1279 |       ||  3534
         Triple crossbow   |       |       |       |       |       |       |   186 |    52 ||   238
         Longbow           |       |       |       |       |       |       |    63 |  1359 ||  1422
  Throw: Dart              |       |     3 |     5 |     7 |     4 |     8 |     5 |       ||    32
   Cast: Jinxbite          |     5 |     3 |     1 |     1 |       |       |       |       ||    10
         Sigil of Binding  |       |     2 |       |     5 |       |       |       |       ||     7
         Blink             |       |       |       |       |     2 |       |       |     1 ||     3
         Borgnjor's Vile C |       |       |       |       |       |       |     3 |    17 ||    20
         Death Channel     |       |       |       |       |       |       |       |     7 ||     7
         Animate Dead      |       |       |       |       |       |       |       |     3 ||     3
  Evoke: Wand              |       |       |     4 |    14 |    24 |    15 |     8 |     3 ||    68
         Lightning rod     |       |       |       |       |    12 |    19 |    12 |       ||    43
         Tin of tremorston |       |       |       |       |       |     4 |     4 |     3 ||    11
         Phantom mirror    |       |       |       |       |       |       |     3 |     3 ||     6
    Use: Scroll            |       |       |     7 |     8 |    14 |    14 |    22 |     9 ||    74
         Potion            |       |       |       |     3 |     4 |     2 |     2 |     9 ||    20
   Stab: Sleeping          |     1 |       |       |       |       |       |       |       ||     1
 Armour: Robe              |    22 |    35 |       |       |       |       |       |       ||    57
         Ring mail         |       |     6 |   127 |   234 |   724 |   840 |   149 |       ||  2080
         Skin              |       |       |       |     1 |       |     1 |       |       ||     2
         Swamp dragon scal |       |       |       |       |     9 |       |       |       ||     9
         Acid dragon scale |       |       |       |       |       |       |   128 |   249 ||   377
  Dodge: Dodged            |    26 |    47 |   131 |   290 |  1063 |  1297 |   838 |   854 ||  4546
